Map: Newkirk Precinct TE (Void)

Players

MaNa - Winner!

  • Race: Protoss Protoss
  • Spawn Location: 5:00

ViBE

  • Race: Zerg Zerg
  • Spawn Location: 7:00

Event: WCS Austin 2017

VOD

Have the link to the VOD?

Description

Time

  • Played on: April 28, 2017, 5:32 p.m.
  • Length: 8:47

All games in this series

Show
View Real Time Build Order
Export as new Build Order

MaNa Protoss - Winner!

Build Orders: Zealot Archon 

Get SALT Encoding   

  12  0:00  Probe (Chrono Boost)  
  13  0:11  Probe (Chrono Boost)  
  14  0:18  Pylon  
  14  0:22  Probe (Chrono Boost)  
  15  0:36  Probe (Chrono Boost)  
  15  0:41  Gateway  
  16  0:47  Probe (Chrono Boost)  
  17  0:51  Assimilator  
  17  0:57  Probe (Chrono Boost)  
  18  1:08  Probe (Chrono Boost)  
  19  1:15  Gateway  
  20  1:18  Probe (Chrono Boost)  
  20  1:20  Pylon  
  20  1:28  Cybernetics Core  
  20  1:30  Zealot  
  20  1:37  Probe (Chrono Boost)  
  23  1:43  Assimilator  
  23  1:49  Probe (Chrono Boost)  
  24  2:01  Probe (Chrono Boost), Warp Gate, Adept  
  25  2:04  Adept  
  29  2:22  Pylon  
  29  2:28  Adept  
  31  2:39  Adept  
  33  2:47  Mothership Core (Chrono Boost)  
  35  3:06  Probe (Chrono Boost)  
  36  3:22  Nexus  
  36  3:30  Probe (Chrono Boost)  
  37  3:35  Pylon  
  37  3:45  Probe (Chrono Boost)  
  37  3:48  Twilight Council  
  36  3:56  Probe (Chrono Boost)  
  36  3:58  Robotics Facility  
  32  4:07  Probe (Chrono Boost)  
  31  4:13  Sentry, Adept  
  35  4:17  Probe (Chrono Boost)  
  35  4:21  Gateway  
  36  4:29  Dark Shrine  
  36  4:35  Probe x2 (Chrono Boost)  
  38  4:43  Gateway  
  38  4:50  Probe (Chrono Boost)  
  38  4:51  Probe (Chrono Boost)  
  40  4:54  Warp Prism  
  42  5:01  Probe (Chrono Boost)  
  42  5:04  Probe (Chrono Boost)  
  44  5:12  Stalker  
  44  5:13  Probe (Chrono Boost)  
  47  5:14  Probe (Chrono Boost)  
  48  5:22  Assimilator x2  
  48  5:25  Probe x2 (Chrono Boost)  
  51  5:35  Probe (Chrono Boost)  
  51  5:36  Probe (Chrono Boost)  
  52  5:47  Probe x2 (Chrono Boost)  
  52  5:49  Pylon  
  54  5:52  Dark Templar x4  
  62  5:57  Pylon  
  62  6:07  Probe x2 (Chrono Boost)  
  62  6:11  Archon x2  
  64  6:19  Probe x2 (Chrono Boost)  
  66  6:29  Probe x2 (Chrono Boost)  
  68  6:34  Warp Prism  
  68  6:36  Dark Templar x3  
  68  6:38  Dark Templar  
  78  6:40  Pylon  
  78  6:41  Archon  
  78  6:43  Archon  
  78  6:47  Pylon  
  78  7:15  Zealot x4  
  86  7:16  Nexus  
  86  7:17  Pylon  
  86  7:25  Probe x2 (Chrono Boost)  
  85  7:40  Dark Templar  
  85  7:41  Dark Templar x3  
  93  7:48  Probe x2 (Chrono Boost)  
  86  8:06  Probe (Chrono Boost)  
  86  8:08  Immortal, Nexus  
  86  8:10  Pylon  
  86  8:12  Pylon  
  88  8:13  Forge  
  84  8:22  Probe (Chrono Boost)  
  84  8:24  Probe (Chrono Boost)  
  86  8:34  Dark Templar x4  
Show
View Real Time Build Order
Export as new Build Order

ViBE Zerg 

Build Orders: Pool First 

Get SALT Encoding   

  12  0:00  Drone  
  13  0:14  Extractor  
  12  0:25  Spawning Pool  
  11  0:29  Drone  
  11  0:34  Drone  
  13  0:39  Drone  
  14  0:51  Overlord  
  14  1:12  Zergling x4  
  14  1:13  Zergling x2  
  14  1:16  Metabolic Boost  
  17  1:23  Zergling x2  
  18  1:34  Queen  
  18  1:37  Zergling x2  
  21  1:45  Zergling x2  
  22  1:57  Overlord, Evolution Chamber  
  21  2:08  Zergling x2  
  22  2:24  Zergling x2  
  23  2:36  Hatchery  
  18  2:45  Zergling x8  
  22  2:59  Zergling x4  
  24  3:10  Zergling x2  
  23  3:21  Overlord  
  22  3:39  Queen, Overlord  
  24  3:50  Zergling x2  
  24  3:51  Zergling x4  
  25  3:59  Drone x3  
  25  4:01  Drone  
  28  4:06  Drone  
  29  4:12  Drone  
  30  4:17  Drone  
  31  4:29  Zerg Melee Weapons Level 1  
  31  4:36  Queen  
  33  4:40  Drone x2  
  35  4:48  Overlord  
  35  4:53  Drone  
  35  4:54  Drone  
  35  4:58  Drone x2  
  39  5:05  Drone  
  39  5:06  Drone x2  
  42  5:19  Overlord  
  42  5:26  Hatchery  
  40  5:29  Drone  
  40  5:30  Drone  
  40  5:31  Drone  
  43  5:45  Spore Crawler  
  43  5:47  Spore Crawler  
  43  5:48  Queen  
  43  5:51  Spore Crawler  
  43  5:54  Queen  
  44  6:03  Zergling x4  
  44  6:04  Zergling x2  
  45  6:32  Zergling x16  
  52  6:38  Roach Warren  
  51  6:52  Hatchery  
  47  7:04  Drone  
  47  7:05  Drone x4, Overlord x2  
  47  7:06  Overlord x2  
  49  7:16  Zergling x4  
  49  7:21  Overlord  
  51  7:31  Roach x6  
  61  7:44  Roach x4  
  65  7:46  Queen x2  
  63  7:55  Roach x2  
  62  7:59  Roach x3  
  68  8:10  Roach x2  
Tags
 
Add a new tag
Caveats
  • Supply blocks, unpowered buildings, or Contaminate may cause inaccurate times.
  • Supply counts are checked every 10 seconds.